 Dungeon Crawl Stone Soup version 0.18.1-48-g4cf74bf (webtiles) character file.

464 WarriorsX the Gusty (level 6, -1/36 HPs)
             Began as a High Elf Air Elementalist on Aug 9, 2016.
             Killed from afar by an orc wizard (8 damage)
             ... with a magic dart
             ... on level 3 of the Dungeon.
             The game lasted 00:07:26 (3880 turns).

WarriorsX the Gusty (High Elf Air Elementalist)     Turns: 3880, Time: 00:07:27

Health: -1/36      AC:  4    Str:  7    XL:     6   Next: 80%
Magic:  3/14       EV:  7    Int: 22    God:
Gold:   126        SH:  0    Dex: 15    Spells: 1 memorised, 13 levels left

rFire  . . .     SeeInvis .     (no weapon)
rCold  . . .     Gourm    .     a - +0 robe
rNeg   . . .     Faith    .     (no shield)
rPois  .         Spirit   .     t - +0 helmet
rElec  .         Dismiss  .     l - +0 cloak
rCorr  .         Reflect  .     (no gloves)
SustAt .         Harm     .     (no boots)
MR     .....                    (no amulet)
Stlth  ++........               (no ring)
                                (no ring)

@: not resistant to hostile enchantments, unstealthy
A: no striking features
a: no special abilities


You were on level 3 of the Dungeon.
You were near starving.

You visited 1 branch of the dungeon, and saw 3 of its levels.

You collected 126 gold pieces.

Inventory:

Armour
 a - a +0 robe (worn)
 l - a +0 cloak (worn)
 t - a +0 helmet (worn)
Jewellery
 v - a cursed -5 ring of protection {unknown}
 w - a cursed amulet of inaccuracy {unknown}
 x - an uncursed ring of positive energy {unknown}
Wands
 n - a wand of random effects (27/48)
 o - a wand of slowing (27/48)
Scrolls
 e - a scroll of enchant armour {unknown}
 f - a scroll of noise {unknown}
 g - 3 scrolls of teleportation {unknown}
 h - a scroll of fog {unknown}
 j - 2 scrolls of identify {unknown}
 p - a scroll of amnesia {unknown}
 s - 2 scrolls of blinking {unknown}
 u - 2 scrolls of remove curse {unknown}
Potions
 d - 5 potions of curing {unknown}
 m - a potion of brilliance {unknown}
Books
 b - a book of Air

   Spells                             Type                      Level
   a - Shock                          Conjuration/Air              1
   b - Swiftness                      Charms/Air                   2
   c - Repel Missiles                 Charms/Air                   2
   d - Static Discharge               Conjuration/Air              3
   e - Lightning Bolt                 Conjuration/Air              5
Comestibles
 c - 3 bread rations
 i - a slice of pizza
 k - 3 fruits
 q - 2 royal jellies
 r - a beef jerky


   Skills:
 - Level 2.1 Dodging
 - Level 2.1 Stealth
 + Level 4.9 Spellcasting
 * Level 4.9 Conjurations
 + Level 5.9 Air Magic


You had 13 spell levels left.
You knew the following spells:

 Your Spells              Type           Power        Failure   Level  Hunger
a - Shock                 Conj/Air       ####         1%          1    None


Dungeon Overview and Level Annotations

Branches:
Dungeon (3/15)

Altars:
Elyvilon
Okawaru
Ru
Yredelemnul
Zin
The Shining One


Message History

Press: ? - help, Shift-Dir - straight line, f/p - Natasha
Aim: Natasha (almost dead)
The zap hits Natasha.
You kill Natasha!
Natasha screams in fury as she dies!
The zap hits something.
The zap misses the crimson imp.
The crimson imp disappears in a puff of smoke!
A magic dart appears from out of thin air!
The magic dart hits you!
* * * LOW HITPOINT WARNING * * *
A magic dart appears from out of thin air!
The magic dart hits you!
* * * LOW HITPOINT WARNING * * *
Something tries to affect you, but you resist.
There is an open door here.
There is an open door here.
There is a stone staircase leading down here.
A magic dart appears from out of thin air!
The magic dart hits you!
You die...

#..... #.....#.#.###.#.#
###'#. ###...#.#'###.#.#####
#.#. #...#.......#.##...
##'#'#####...#.........##...
........###'##.....).####...
........###.##.......####...
........'...............'...
........###..#.......####...
...........@.........# #..[
..............##......# #...
.........###......#.#.# ####
.........# #.####...#.# #####
........# #........#+###...#
........#########..........#
###+#........................
#...........######.......####
#...........# #...........


There were no monsters in sight!

Vanquished Creatures
  The ghost of WarriorsX the Magician, an amateur HEWz (D:3)
  A wyvern skeleton (D:3)
  A centaur skeleton (D:3)
  An orc priest (D:3)
  Jessica (D:2)
  Natasha (twice) (D:3)
  Robin (D:2)
  A gnoll (D:2)
  An ooze (D:2)
  2 dart slugs (D:1)
  A giant gecko (D:1)
  4 orcs
  2 ball pythons
  7 bats
  5 giant cockroaches
  15 goblins
  12 hobgoblins
  6 jackals (D:2)
  7 kobolds
  A quokka (D:3)
  5 giant newts
  4 rats
81 creatures vanquished.

Notes
Turn   | Place    | Note
--------------------------------------------------------------
     0 | D:1      | WarriorsX the High Elf Air Elementalist began the quest for the Orb.
     0 | D:1      | Reached XP level 1. HP: 11/11 MP: 4/4
   451 | D:1      | Reached skill level 4 in Air Magic
   467 | D:1      | Reached XP level 2. HP: 7/17 MP: 0/6
  1231 | D:1      | Reached XP level 3. HP: 21/21 MP: 2/8
  1752 | D:2      | Noticed Jessica
  1756 | D:2      | Killed Jessica
  1789 | D:2      | Reached XP level 4. HP: 27/27 MP: 3/9
  1837 | D:2      | Noticed Robin
  2021 | D:2      | Reached skill level 5 in Air Magic
  2170 | D:2      | Found a glowing golden altar of the Shining One.
  2403 | D:2      | Found a glowing silver altar of Zin.
  2403 | D:2      | Noticed an angel
  2627 | D:2      | Killed Robin
  2697 | D:2      | Found an iron altar of Okawaru.
  2876 | D:3      | Reached XP level 5. HP: 20/31 MP: 3/11
  3199 | D:3      | Found a white marble altar of Elyvilon.
  3200 | D:3      | Noticed WarriorsX's ghost (amateur HEWz)
  3227 | D:3      | Killed WarriorsX's ghost
  3227 | D:3      | Reached XP level 6. HP: 31/36 MP: 0/13
  3492 | D:3      | Found a sacrificial altar of Ru.
  3759 | D:3      | Found a basalt altar of Yredelemnul.
  3815 | D:3      | Noticed Natasha
  3818 | D:3      | Killed Natasha
  3851 | D:3      | Noticed Natasha
  3864 | D:3      | Killed Natasha
  3880 | D:3      | Killed from afar by an orc wizard

Skill      XL: |  1  2  3  4  5 |
---------------+----------------+-----
Air Magic      | 4 5 |  5.9
Conjurations   | 2 3 4 |  4.9
Spellcasting   | 3 4 |  4.9
Dodging        | |  2.1
Stealth        | |  2.1

Action                   |  1- 3 |  4- 6 || total
-------------------------+-------+-------++-------
Melee: Unarmed           |    27 |       ||    27
 Cast: Shock             |    69 |   112 ||   181
  Eat: Chunk             |     3 |     4 ||     7
Armor: Robe              |     8 |    10 ||    18
Dodge: Dodged            |    25 |    22 ||    47
